 Dungeon Crawl Stone Soup version 0.31-a0-968-g24f9ace8b5 (webtiles) character file.

Game seed: 6547322848376298402

450 avis the Ducker (level 6, 28/28 HPs)
             Began as a Felid Shapeshifter on Oct 28, 2023.
             Got out of the dungeon alive.
             The game lasted 00:22:11 (3996 turns).

avis the Ducker (Felid Shapeshifter)                Turns: 3996, Time: 00:22:12

Health: 28/28      AC:  2    Str: 10    XL:     6   Next: 74%
Magic:  8/8        EV: 21    Int: 12    God:
Gold:   115        SH:  0    Dex: 17    Spells: 3/7 levels left
                                        Lives:  1   Deaths: 1

rFire   . .          .
                       - Unarmed
rCold   . . .        (shield unavailable)
rNeg    . . .        (body armour unavailable)
rPois   .            (helmet unavailable)
rElec   .            (cloak unavailable)
rCorr   .            (gloves unavailable)
SInv    +            (boots unavailable)
Will    .....        (no amulet)
Stlth   ++           (no ring)
HPRegen 0.24/turn    (no ring)
MPRegen 0.11/turn

%: no passive effects
@: beast-form, quick
A: beast (slay +2), very small, claws 1, fangs 3, see invisible, speed 1, shaggy
fur 2, stealthy paws, no weapons or thrown items, no armour, multi-lived
a: Begin Untransformation


You escaped.
You were a hulking beast.
You visited 1 branch of the dungeon, and saw 4 of its levels.
You also visited: Sewer.

You collected 115 gold pieces.

Inventory:

Talismans
 b - a beast talisman
 f - a flux talisman
Wands
 l - a wand of charming (13)
Scrolls
 c - 2 scrolls of identify {unknown}
 d - 2 scrolls of silence {unknown}
 e - a scroll of fog {unknown}
 h - 2 scrolls of poison {unknown}
 i - a scroll of vulnerability {unknown}
 k - a scroll of noise {unknown}
 m - a scroll of enchant weapon {unknown}
 q - a scroll of teleportation {unknown}
Potions
 a - a potion of might {unknown}
 g - 2 potions of curing {unknown}
 j - a potion of ambrosia {unknown}
 n - a potion of brilliance {unknown}
 o - a potion of heal wounds {unknown}
 p - 2 potions of haste {unknown}


   Skills:
 + Level 3.6 Fighting
 * Level 6.5 Dodging
 - Level 3.0 Unarmed Combat
 - Level 1.0 Spellcasting
 - Level 1.0 Translocations
 - Level 1.0 Transmutations
 + Level 4.7 Shapeshifting


You had 3 spell levels left.
You knew the following spells:

 Your Spells              Type           Power      Damage    Failure   Level
b - Blink                 Tloc           6%         N/A       30%         2
e - Wereblood             Tmut           3%         N/A       30%         2

Your spell library contained the following spells:

 Spells                   Type           Power      Damage    Failure   Level
 Sting                    Tmut/Pois      4%         1d3       24%         1
 Poisonous Vapours        Pois/Air       0%         N/A       41%         2
 Manifold Assault         Tloc           3%         N/A       89%         4
 Olgreb's Toxic Radiance  Pois           0%         N/A       96%         4
 Irradiate                Conj/Tmut      0%         3d11      100%        5


Dungeon Overview and Level Annotations

Branches:
Dungeon (4/15)              Sewer (visited)
 Temple: D:4-7

Altars:

Shops:
D:1 =   D:4 ?

Annotations:
D:1 Cant reach some places
D:2 1 runed translucent door, exclusion: door, Crazy Yiuf
D:3 Glass rock wall
D:4 Edmund


Innate Abilities, Weirdness & Mutations

You are a hulking beast.
Your limbs bulge with bestial killing power. (Slay +2)
You have sharp claws.
You have razor-sharp teeth.
You have supernaturally acute eyesight. (SInv)
You cover ground quickly. (Speed+)
You are covered in thick fur. (AC +2)
Your paws help you pounce on unaware monsters.
You are incapable of wielding weapons or throwing items.
You cannot wear armour.
You gain extra lives every three experience levels.


Message History

The adder attacks as it pursues you! The adder misses you.
You see here a +0 club.
The adder attacks as it pursues you! The adder completely misses you.
The adder attacks as it pursues you! The adder closely misses you.
The adder attacks as it pursues you! The adder closely misses you.
The adder closely misses you.
An orc comes into view. It is wielding a +0 flail.
The orc shouts!
There is a stone staircase leading up here.
You see here the felid corpse of avis.
The adder closely misses you.
You climb upwards.
Level annotation: Glass rock wall
There is a stone staircase leading down here.
You miss the adder. You bite the adder.
The adder is moderately wounded.
The adder bites you but does no damage. The adder misses you.
You closely miss the adder.
The adder is moderately wounded.
The adder bites you.
You claw the adder!
You kill the adder!
What level of the Dungeon? (default 3, ? - help)
You see here a +0 dagger.
There is a stone staircase leading up, spattered with blood here.
You climb upwards.
Level annotation: 1 runed translucent door, exclusion: door, Crazy Yiuf
There is a stone staircase leading down here.
Things that are here:
a +0 leather armour; a +0 hand axe You see here a +0 club.
You see here 6 stones.
There is a stone staircase leading up here.
You climb upwards.
Level annotation: Cant reach some places
There is a stone staircase leading down here.
HP restored.
There is an open door here.
There is a staircase leading out of the dungeon here.
You have escaped!

#..#..#..##..⌠..#
#...###...##...##
.....#..########
..#....## .#######
## #'## # ##'#
######## #
##.######..#...## #
##....#.......h..#
###...#....###.....#
#...#####.## ##...##
..### ### ##### ###


There were no monsters in sight!

Vanquished Creatures
  A scorpion (D:4)
  A howler monkey (D:4)
  A jelly (D:4)
  An orc priest (D:4)
  3 orc wizards
  Robin (D:1)
  4 river rats (D:4)
  6 adders
  4 worms
  A dart slug (D:3)
  9 orcs
  9 ball pythons
  4 endoplasms
  6 giant cockroaches
  11 goblins
  7 hobgoblins
  2 jackals (D:4)
  2 quokkas
  5 bats
  22 frilled lizards
  6 kobolds
  9 rats
115 creatures vanquished.

Notes
Turn   | Place    | Note
-------+----------+-------------------------------------------
     0 | D:1      | avis the Felid Shapeshifter began the quest for the Orb.
     0 | D:1      | Reached XP level 1. HP: 9/9 MP: 2/2
   217 | D:1      | Found Nooluy's Jewellery Boutique.
   351 | D:1      | Reached XP level 2. HP: 13/13 MP: 3/3
   366 | D:1      | Reached skill level 3 in Dodging
   908 | D:1      | Reached XP level 3. HP: 13/16 MP: 4/4
   923 | D:1      | Learned a level 2 spell: Wereblood
  1120 | D:2      | Noticed Robin
  1142 | D:1      | Killed Robin
  1273 | D:2      | Reached skill level 4 in Dodging
  1375 | D:2      | Reached XP level 4. HP: 20/20 MP: 5/5
  1484 | D:2      | Found a runed translucent door.
  1485 | D:2      | Noticed Crazy Yiuf
  1878 | D:2      | Reached skill level 1 in Transmutations
  2459 | D:3      | Reached XP level 5. HP: 23/23 MP: 6/6
  2559 | D:3      | HP: 1/23 [orc wizard/puff of flame (9)]
  2668 | D:3      | Learned a level 2 spell: Blink
  3082 | D:4      | Reached skill level 5 in Dodging
  3082 | D:4      | Reached skill level 1 in Spellcasting
  3175 | D:4      | Noticed Edmund
  3245 | D:4      | Reached skill level 1 in Translocations
  3327 | D:4      | Gained mutation: You are covered in thick fur. (AC +2)
                  | [Felid growth]
  3327 | D:4      | Reached XP level 6. HP: 28/28 MP: 8/8
  3383 | D:4      | Found a glowing drain.
  3389 | Sewer    | Entered a sewer
  3480 | Sewer    | Noticed Pargi
  3697 | D:4      | Found Hyalatraeq's Magic Scroll Emporium.
  3708 | D:4      | Reached skill level 6 in Dodging
  3803 | D:4      | HP: 1/28 [scorpion (2)]
  3804 | D:4      | Succumbed to a scorpion's poison
  3996 | D:$      | Got out of the dungeon alive.

Illustrated notes

Levels and vault maps discovered:
D:1:      dpeg_cavernosity, layout_basic, serial_shops, nicolae_shop_stone,
          minmay_lizard_king
D:2:      minmay_wonky_spiral, layout_basic, uniq_robin, uniq_crazy_yiuf_cottage
D:3:      layout_rooms, due_unseen_surprise
D:4:      lemuel_castle_with_subvaults [lemuel_castle_interior_carwin_2],
          layout_rooms, temple_doors_ab, gup_sewer_entry_bubbles, serial_shops,
          nicolae_shop_getting_attention, uniq_edmund

Skill      XL: |  1  2  3  4  5  6 |
---------------+-------------------+-----
Fighting       | 2 3 |  3.6
Dodging        | 3 4 5 6 |  6.5
Transmutations | 1 |  1.0
Shapeshifting  | 4 |  4.7
Spellcasting   | 1 |  1.0
Translocations | 1 |  1.0
Unarmed Combat | |  3.0

Action                     |  1- 3 |  4- 6 || total
---------------------------+-------+-------++-------
  Melee: Unarmed           |    98 |   193 ||   291
         Punch             |     1 |    10 ||    11
         Bite              |     4 |    13 ||    17
  Evoke: Wand              |       |     1 ||     1
    Use: Potion            |       |     2 ||     2
   Stab: Sleeping          |     2 |     5 ||     7
         Distracted        |       |     2 ||     2
 Armour: Skin              |    14 |    52 ||    66
  Dodge: Dodged            |    57 |   152 ||   209

Table legend: (Time is in decaauts)
 A = Elapsed time spent in this place.
 B = Non-inter-level travel time spent in this place.
 C = Inter-level travel time spent in this place.
 D = Time resting spent in this place.
 E = Time spent auto-exploring this place.
 F = Levels seen in this place.
 G = Mean time per level.
                   A        B        C        D        E       F      G
               +--------+--------+--------+--------+--------+-----+--------+
         Total |   3443 |   3155 |    288 |    534 |   1459 |   5 |  688.6 |
       Dungeon |   3236 |   2948 |    288 |    468 |   1459 |   4 |  809.0 |
         Sewer |    206 |    206 |      0 |     66 |      0 |   1 |  206.0 |
               +--------+--------+--------+--------+--------+-----+--------+

Top non-repeatable levels by time:
     D:2: 1183 daAuts
     D:1: 997 daAuts
     D:4: 532 daAuts
     D:3: 523 daAuts
   Sewer: 206 daAuts
